 Dungeon Crawl Stone Soup version 0.31.0-12-g77e489cdc1 (webtiles) character file.

Game seed: 15306691051376226957

249 cdecastro the Ruffian (level 5, 0/40 HPs)
             Began as a Draconian Shapeshifter on Feb 16, 2024.
             Slain by an orc
             ... wielding a +0 mace
              (4 damage)
             ... on level 4 of the Dungeon.
             The game lasted 00:03:54 (3109 turns).

cdecastro the Ruffian (Draconian Shapeshifter)      Turns: 3109, Time: 00:03:55

Health: 0/40       AC:  5    Str: 16    XL:     5   Next: 86%
Magic:  5/5        EV: 12    Int: 11    God:
Gold:   111        SH:  0    Dex: 12    Spells: 4/4 levels left

rFire   . .          .
                       - Unarmed
rCold   . . .        (no shield)
rNeg    . . .        (body armour unavailable)
rPois   +            (helmet currently unavailable)
rElec   .            (cloak currently unavailable)
rCorr   .            (gloves currently unavailable)
SInv    .            (boots currently unavailable)
Will    .....        (no amulet)
Stlth   +            i - ring of poison resistance
HPRegen 0.26/turn    (no ring)
MPRegen 0.09/turn

%: no passive effects
@: beast-form
A: beast (slay +2), AC +5, unfitting armour, cold-blooded
a: Begin Untransformation


You were on level 4 of the Dungeon.
You were a hulking beast.
You visited 1 branch of the dungeon, and saw 4 of its levels.

You collected 111 gold pieces.

Inventory:

Jewellery
 i - a ring of poison resistance (left hand)
 j - a ring of ice
 l - a ring of fire
Talismans
 b - a beast talisman
 c - a flux talisman
Wands
 p - a wand of iceblast (9)
Scrolls
 d - 3 scrolls of teleportation {unknown}
 e - 3 scrolls of identify {unknown}
 g - a scroll of enchant armour {unknown}
 h - a scroll of immolation {unknown}
 o - a scroll of blinking {unknown}
 s - a scroll of noise {unknown}
Potions
 a - a potion of lignification
 f - 2 potions of cancellation {unknown}
 k - a potion of attraction {unknown}
 m - 2 potions of heal wounds {unknown}
 n - a potion of curing {unknown}
 q - a potion of brilliance {unknown}
 r - a potion of haste {unknown}


   Skills:
 - Level 1.1 Fighting
 - Level 1.7 Dodging
 * Level 5.7 Unarmed Combat
 + Level 4.2 Shapeshifting


You had 4 spell levels left.
You didn't know any spells.
Your spell library was empty.

Dungeon Overview and Level Annotations

Branches:
Dungeon (4/15)
 Temple: D:4-7

Altars:
Cheibriados
Fedhas

Annotations:
D:2 1 runed translucent door, Crazy Yiuf


Innate Abilities, Weirdness & Mutations

You are a hulking beast.
Your limbs bulge with bestial killing power. (Slay +2)
Your plain brown scales are hard. (AC +5)
You cannot fit into any form of body armour.
You are cold-blooded and may be slowed by cold attacks.


Message History

The adder bites you but does no damage.
An orc comes into view. It is wielding a +0 hand axe.
You hit the adder.
The adder is severely wounded.
The adder bites you.
You are poisoned.
The adder poisons you! The adder barely misses you.
You barely miss the adder.
The adder is severely wounded.
You feel sick.
An adder comes into view.
The adder barely misses you.
You hit the adder.
You kill the adder!
You feel sick.
You punch the orc!
You kill the orc!
You feel sick.
You feel sick. The orc hits you with a +0 mace!
* * * LOW HITPOINT WARNING * * *
Items here: ))) ††.
You hit the orc.
Your tail-slap misses the orc.
The orc is heavily wounded.
You feel sick. The orc hits you with a +0 mace.
* * * LOW HITPOINT WARNING * * *
You feel sick.
You are no longer poisoned.
Things that are here:
a +0 flail; a +0 leather armour The orc attacks as it pursues you!
The orc hits you with a +0 mace.
* * * LOW HITPOINT WARNING * * *
The orc attacks as it pursues you! The orc completely misses you.
Found a falchion.
Found a stone staircase leading down.
The orc attacks as it pursues you! The orc barely misses you.
The orc attacks as it pursues you! The orc hits you with a +0 mace.
* * * LOW HITPOINT WARNING * * *
There is a stone staircase leading down here.
The orc attacks as it pursues you! The orc hits you but does no damage.
The orc attacks as it pursues you! The orc hits you with a +0 mace.
You die...

... #S# #. #.. #{# #.#
## .. #.# #.# #
######o####### #.# #.#
.).......S{>S.# #.# #.#
..#####.#####.# #.# #.#
..#. #.# #.# #.# # ### #
#o# #.# #.# #
....###h####.####.######
#............##.#.....
#####.####..........##
#.# ###.##.#.#.## #.#
#.##.#..#.# #.#
#.##.#.###. #.# #.##.†##
## #.# #.##...###. ..#
#.##....#.#


You could see an adder and an orc.

Vanquished Creatures
  An orc priest (D:4)
  Natasha (thrice) (D:2)
  3 gnolls
  3 adders
  A ribbon worm (D:2)
  4 dart slugs
  6 orcs
  6 endoplasms
  2 giant cockroaches
  6 goblins
  8 hobgoblins
  3 jackals (D:1)
  4 quokkas
  5 ball pythons
  5 bats
  9 kobolds
  4 rats
73 creatures vanquished.

Notes
Turn   | Place    | Note
-------+----------+-------------------------------------------
     0 | D:1      | cdecastro the Draconian Shapeshifter began the quest for
                  | the Orb.
     0 | D:1      | Reached XP level 1. HP: 16/16 MP: 1/1
   402 | D:1      | Reached XP level 2. HP: 12/23 MP: 2/2
  1153 | D:2      | Reached XP level 3. HP: 19/28 MP: 3/3
  1274 | D:2      | Reached skill level 4 in Unarmed Combat
  1388 | D:2      | Noticed Natasha
  1392 | D:2      | Found a snail-covered altar of Cheibriados.
  1398 | D:2      | Killed Natasha
  1399 | D:2      | Reached XP level 4. HP: 8/35 MP: 4/4
  1451 | D:2      | Noticed Natasha
  1462 | D:2      | Killed Natasha
  1636 | D:2      | Found a runed translucent door.
  1637 | D:2      | Noticed Crazy Yiuf
  1701 | D:2      | Found a faded altar of an unknown god.
  1867 | D:2      | Noticed Natasha
  1876 | D:2      | Killed Natasha
  1877 | D:2      | Reached skill level 5 in Unarmed Combat
  1877 | D:2      | Reached XP level 5. HP: 27/40 MP: 5/5
  2543 | D:3      | Found a snail-covered altar of Cheibriados.
  2930 | D:4      | Found a blossoming altar of Fedhas.
  3109 | D:4      | Slain by an orc

Illustrated notes

Levels and vault maps discovered:
D:1:      beargit_arrival_greenhouse, layout_basic
D:2:      layout_loops_ring, basic_altar, shapermc_ecumenical_altar_hornbeckon,
          minmay_heptomino_h4, uniq_crazy_yiuf_cottage, uniq_natasha
D:3:      layout_rooms, mainiacjoe_overflow_six_doors_small
D:4:      layout_loops_ring, fedhas_ov_isle_minmay

Skill      XL: |  1  2  3  4  5 |
---------------+----------------+-----
Unarmed Combat | 4 5 |  5.7
Shapeshifting  | 4 |  4.2
Fighting       | |  1.1
Dodging        | |  1.7

Action                     |  1- 3 |  4- 6 || total
---------------------------+-------+-------++-------
  Melee: Unarmed           |    71 |   122 ||   193
         Tailslap          |     7 |    10 ||    17
         Punch             |     1 |     4 ||     5
   Stab: Sleeping          |       |     1 ||     1
 Armour: Skin              |    34 |    77 ||   111
  Dodge: Dodged            |    30 |    68 ||    98
